 Dungeon Crawl Stone Soup version 0.26-a0-720-g2a1d101370 (webtiles) character file.

Game seed: 13902933589180863467

2060 Murumi the Chucker (level 9, -1/89 HPs)
             Began as an Ogre Conjurer on Nov 3, 2020.
             Slain by an orc warrior
             ... wielding a +1 hand axe of electrocution
              (19 damage)
             ... on level 6 of the Dungeon.
             The game lasted 00:25:52 (8244 turns).

Murumi the Chucker (Ogre Conjurer)                  Turns: 8244, Time: 00:25:54

Health: -1/89      AC:  4    Str: 16    XL:     9   Next: 25%
Magic:  5/13       EV: 10    Int: 19    God:
Gold:   339        SH:  0    Dex:  7    Spells: 12/14 levels left

rFire    . . .     SeeInvis +   s - +1 whip (flame)
rCold    . . .     Faith    +   (no shield)
rNeg     . . .     Spirit   .   a - +0 robe
rPois    .         Reflect  .   (helmet restricted)
rElec    .         Harm     .   d - +0 cloak
rCorr    .         Rampage  .   (gloves unavailable)
MR       .....                  (boots unavailable)
Stlth    ++........             w - amulet of faith
HPRegen  0.24/turn              n - ring of see invisible
MPRegen  0.13/turn              (no ring)

@: no status effects
A: large, unfitting armour, tough skin 1
a: no special abilities


You were on level 6 of the Dungeon.
You visited 1 branch of the dungeon, and saw 6 of its levels.

You collected 339 gold pieces.

Inventory:

Hand Weapons
 b - a +0 flail
 m - a +0 vorpal dire flail
 s - a +1 whip of flaming (weapon)
Missiles
 e - 7 boomerangs
 f - 63 stones (quivered)
Armour
 a - a +0 robe (worn)
 d - a +0 cloak (worn)
 k - a +0 kite shield
Jewellery
 n - a ring of see invisible (left hand)
 v - an uncursed ring of ice
 w - an amulet of faith (around neck)
Scrolls
 o - 6 scrolls of teleportation
 u - a scroll of magic mapping
 y - a scroll of remove curse
Potions
 c - a potion of flight
 g - a potion of heal wounds {unknown}
 h - a potion of resistance {unknown}
 i - 2 potions of cancellation
 j - 2 potions of curing
 l - a potion of berserk rage {unknown}
 q - a potion of mutation {unknown}
 r - 2 potions of stabbing {unknown}
 t - a potion of brilliance {unknown}


   Skills:
 - Level 6.0 Fighting
 - Level 6.0 Maces & Flails
 - Level 7.0 Throwing
 - Level 1.0 Armour
 + Level 2.7 Dodging
 - Level 2.0 Stealth
 - Level 2.0 Shields
 - Level 3.0 Spellcasting
 - Level 4.0 Conjurations


You had 12 spell levels left.
You knew the following spells:

 Your Spells              Type           Power        Failure   Level
b - Searing Ray           Conj           ###...       4%          2

Your spell library contained the following spells:

 Spells                   Type           Power        Failure   Level
 Magic Dart               Conj           ###.         3%          1
 Corona                   Hex            #......      16%         1
 Dazzling Flash           Conj/Hex       ##....       21%         3
 Ensorcelled Hibernation  Hex/Ice        #.....       22%         2
 Confusing Touch          Hex            #.......     41%         3
 Gell's Gravitas          Tloc           #.........   41%         3
 Tukima's Dance           Hex            #.......     41%         3
 Fulminant Prism          Conj/Hex       ##........   54%         4
 Iskenderun's Mystic Bla  Conj/Tloc      ##......     54%         4
 Petrify                  Tmut/Erth      #.......     83%         4
 Metabolic Englaciation   Hex/Ice        #.........   99%         5
 Yara's Violent Unravell  Hex/Tmut       #.........   99%         5


Dungeon Overview and Level Annotations

Branches:
Dungeon (6/15)
 Temple: D:4-7

Altars:
Ashenzari
Fedhas
Nemelex Xobeh
Qazlal


Innate Abilities, Weirdness & Mutations

You are too large for most types of armour.
You have tough skin. (AC +1)


Message History

The orc warrior hits you with a +1 hand axe of electrocution!
Casting: Searing Ray (safe; 4% risk of failure)
Confirm with . or Enter, or press ? or * to list all spells.
Press: ? - help, Shift-Dir - straight line The searing ray hits the orc warrior.
The orc warrior is heavily wounded.
The searing ray hits the orc priest.
You kill the orc priest!
The searing ray misses the orc wizard. (Press . to maintain the ray.)
The orc warrior hits you with a +1 hand axe of electrocution!
You are electrocuted!!
The searing ray hits the orc warrior but does no damage.
The orc warrior is heavily wounded.
The searing ray hits the orc wizard.
You kill the orc wizard!
The orc warrior hits you with a +1 hand axe of electrocution!
* * * LOW HITPOINT WARNING * * *
You are electrocuted!!
You die...

## .# .# .# .#
.##########################
..............)o@....>....#
###########.#############.#
## #.# #.# .# #####.# #.#
.######.....# ####.#
......o...[.# ######....#
....o.......#####....#.####
###'###...<............####
#... ###.#.#####.........#


You could see an orc warrior.

Vanquished Creatures
  Pikel (D:4)
  A centaur skeleton (D:6)
  Edmund (D:6)
  An orc warrior (D:6)
  An ice beast (D:6)
  A sky beast (D:2)
  2 centaurs (D:5)
  2 lemures
  Blork the orc (D:4)
  3 hounds
  A bullfrog skeleton (D:4)
  3 orc priests
  3 orc wizards
  4 iguanas
  Natasha (twice) (D:4)
  2 worker ants (D:4)
  2 hound zombies (D:5)
  8 adders
  A shadow imp (D:5)
  A white imp (D:5)
  3 oozes
  2 worms
  2 dart slugs
  5 leopard geckos
  12 orcs
  4 bats
  3 giant cockroaches
  10 goblins
  7 hobgoblins
  9 jackals
  8 kobolds
  A quokka (D:4)
  A ball python (D:4)
  A ball python zombie (D:5)
  5 frilled lizards
  A jackal skeleton (D:5)
  A leopard gecko skeleton (D:5)
  A quokka skeleton (D:5)
  4 rats
121 creatures vanquished.

Notes
Turn   | Place    | Note
-------+----------+-------------------------------------------
     0 | D:1      | Murumi the Ogre Conjurer began the quest for the Orb.
     0 | D:1      | Reached XP level 1. HP: 16/16 MP: 3/3
   159 | D:1      | Reached XP level 2. HP: 24/24 MP: 1/6
   367 | D:1      | Learned a level 2 spell: Searing Ray
  1247 | D:2      | Reached XP level 3. HP: 31/31 MP: 0/7
  1340 | D:2      | Noticed a sky beast
  1374 | D:2      | Killed a sky beast
  1374 | D:2      | Reached skill level 1 in Throwing
  1374 | D:2      | Reached skill level 1 in Maces & Flails
  1374 | D:2      | Reached skill level 1 in Fighting
  1374 | D:2      | Reached skill level 2 in Throwing
  1374 | D:2      | Reached XP level 4. HP: 41/41 MP: 1/8
  1488 | D:2      | Reached XP level 5. HP: 48/48 MP: 7/9
  2023 | D:2      | Reached skill level 1 in Shields
  2861 | D:3      | Found a broken altar of Ashenzari.
  3291 | D:3      | Reached skill level 3 in Throwing
  3291 | D:3      | Reached XP level 6. HP: 57/57 MP: 6/10
  4338 | D:4      | Noticed Pikel
  4361 | D:4      | Killed Pikel
  4361 | D:4      | Reached skill level 4 in Throwing
  4361 | D:4      | Reached XP level 7. HP: 44/70 MP: 1/11
  4514 | D:4      | Reached skill level 1 in Armour
  4623 | D:4      | Noticed Natasha
  4629 | D:4      | Killed Natasha
  4841 | D:4      | Noticed Blork the orc
  4846 | D:4      | Killed Blork the orc
  4846 | D:4      | Reached skill level 5 in Throwing
  4846 | D:4      | Reached XP level 8. HP: 69/78 MP: 4/12
  4987 | D:4      | Found a sparkling altar of Nemelex Xobeh.
  4989 | D:4      | Noticed Natasha
  4994 | D:4      | Killed Natasha
  5946 | D:5      | Entered Level 5 of the Dungeon
  6281 | D:5      | Reached skill level 5 in Maces & Flails
  6610 | D:5      | Reached skill level 6 in Throwing
  7232 | D:5      | Reached skill level 5 in Fighting
  7517 | D:6      | Got a transparent robe
  7854 | D:6      | Reached skill level 7 in Throwing
  7952 | D:6      | Found a stormy altar of Qazlal.
  7966 | D:6      | Noticed Edmund
  7970 | D:6      | Killed Edmund
  7970 | D:6      | Reached XP level 9. HP: 88/88 MP: 10/13
  8073 | D:6      | Identified the +1 robe "Zevulep" {Rampage rF- Str+3 Dex+2}
                  | (You found it on level 6 of the Dungeon)
  8095 | D:6      | Found a blossoming altar of Fedhas.
  8244 | D:6      | Slain by an orc warrior

Illustrated notes

Levels and vault maps discovered:
D:1:      dpeg_arrival_pits, layout_basic
D:2:      layout_loops_ring
D:3:      layout_basic, hex_medium, grunt_decor_one_mirror,
          evilmike_ruin_ashenzari
D:4:      layout_basic, dk_noncrumbling_3, nemelex_dance_club_becter,
          uniq_natasha, uniq_blork_the_orc, uniq_pikel
D:5:      layout_basic
D:6:      layout_basic, lemuel_doored_altar, basic_altar, grunt_potential,
          uniq_edmund

Skill      XL: |  1  2  3  4  5  6  7  8  9 |
---------------+----------------------------+-----
Spellcasting   | 3 |  3.0
Conjurations   | 4 |  4.0
Dodging        | 2 |  2.7
Stealth        | 2 |  2.0
Throwing       | 2 3 4 5 7 |  7.0
Maces & Flails | 1 2 4 5 6 |  6.0
Fighting       | 1 2 4 5 6 |  6.0
Shields        | 1 2 |  2.0
Armour         | 1 |  1.0

Action                   |  1- 3 |  4- 6 |  7- 9 || total
-------------------------+-------+-------+-------++-------
Melee: Mace              |       |    18 |       ||    18
       Club              |       |     9 |       ||     9
       Whip              |       |    29 |   136 ||   165
Throw: Stone             |       |    56 |   108 ||   164
       Boomerang         |       |     4 |     9 ||    13
 Cast: Magic Dart        |    36 |    60 |       ||    96
       Searing Ray       |     2 |    16 |    23 ||    41
  Use: Scroll            |     5 |     5 |     5 ||    15
       Potion            |       |       |     1 ||     1
Armor: Robe              |       |    16 |    24 ||    40
       Skin              |       |       |    14 ||    14
Dodge: Dodged            |     4 |    31 |    54 ||    89

Table legend: (Time is in decaauts)
 A = Elapsed time spent in this place.
 B = Non-inter-level travel time spent in this place.
 C = Inter-level travel time spent in this place.
 D = Time resting spent in this place.
 E = Time spent auto-exploring this place.
 F = Levels seen in this place.
 G = Mean time per level.
                   A        B        C        D        E       F      G
               +--------+--------+--------+--------+--------+-----+--------+
         Total |   8214 |   7735 |    479 |      2 |   6782 |   6 | 1369.0 |
       Dungeon |   8214 |   7735 |    479 |      2 |   6782 |   6 | 1369.0 |
               +--------+--------+--------+--------+--------+-----+--------+

Top non-repeatable levels by time:
     D:4: 1719 daAuts
     D:3: 1678 daAuts
     D:5: 1431 daAuts
     D:2: 1422 daAuts
     D:1: 1198 daAuts
     D:6: 764 daAuts
